 Dungeon Crawl Stone Soup version 0.20.0-15-g7f486f2 (webtiles) character file.

105 KleinerIrrer the Grasshopper (level 4, -4/40 HPs)
             Began as a Naga Warper on June 28, 2017.
             Slain by an orc (5 damage)
             ... on level 3 of the Dungeon.
             The game lasted 00:04:53 (2349 turns).

KleinerIrrer the Grasshopper (Naga Warper)          Turns: 2349, Time: 00:04:54

Health: -4/40      AC:  7    Str: 14    XL:     4   Next: 81%
Magic:  5/7        EV:  7    Int: 13    God:
Gold:   126        SH:  0    Dex: 11    Spells: 3/7 levels left

rFire    . . .     SeeInvis +   a - +1 spear
rCold    . . .     Gourm    .   (no shield)
rNeg     . . .     Faith    .   b - +0 leather armour
rPois    +         Spirit   .   (no helmet)
rElec    .         Reflect  .   (no cloak)
rCorr    .         Harm     .   (no gloves)
MR       .....                  n - +0 naga barding
Stlth    +++.......             (no amulet)
Regen    0.2/turn               v - ring of stealth
MPRegen  0.1/turn               (no ring)

@: shrouded, very slow
A: see invisible, deformed body, poison resistance, slowness 2, slow metabolism
1, spit poison 1, AC +1
a: Spit Poison


You were on level 3 of the Dungeon.
You were hungry.

You visited 1 branch of the dungeon, and saw 3 of its levels.

You collected 126 gold pieces.

Inventory:

Hand Weapons
 a - a +1 spear (weapon)
Missiles
 e - 5 tomahawks of dispersal (quivered)
Armour
 b - a +0 leather armour (worn)
 n - a +0 naga barding (worn)
Jewellery
 v - a ring of stealth (left hand)
Wands
 h - a wand of polymorph (15/24)
Scrolls
 d - 2 scrolls of blinking
Potions
 g - a potion of resistance {unknown}
 i - a potion of mutation {unknown}
 m - a potion of lignification {unknown}
 r - a potion of heal wounds {unknown}
Books
 c - a book of Spatial Translocations

   Spells                             Type                      Level
   a - Blink                          Translocation                2
   b - Shroud of Golubria             Charms/Translocation         2
   c - Lesser Beckoning               Translocation                3
   d - Gell's Gravitas                Translocation                3
   e - Teleport Other                 Translocation                3
   f - Passage of Golubria            Translocation                4
Comestibles
 f - 2 bread rations
 j - a chunk of flesh
 k - 2 fruits
 o - a royal jelly
 q - 2 meat rations


   Skills:
 + Level 2.5 Fighting
 + Level 2.5 Polearms
 - Level 0.8 Throwing
 + Level 1.4 Armour
 + Level 1.9 Dodging
 * Level 1.9 Stealth
 + Level 2.3 Spellcasting
 * Level 3.7 Translocations


You had 3 spell levels left.
You knew the following spells:

 Your Spells              Type           Power        Failure   Level  Hunger
a - Blink                 Tloc           N/A          10%         2    ###....
b - Shroud of Golubria    Chrm/Tloc      #.........   22%         2    ###....


Dungeon Overview and Level Annotations

Branches:
Dungeon (3/15)

Altars:
Ashenzari
Hepliaklqana
Qazlal


Innate Abilities, Weirdness & Mutations

You cannot wear boots.
Your serpentine skin is tough. (AC +1)
You have supernaturally acute eyesight. (SInv)
Armour fits poorly on your strangely shaped body.
Your system is resistant to poisons. (rPois)
You cover ground very slowly.
You have a slow metabolism.
You can spit poison.


Message History

The orc is almost dead.
The orc hits you but does no damage.
You hit the orc but do no damage.
The orc is almost dead.
The orc completely misses you.
You hit the orc but do no damage.
The orc is almost dead.
The orc hits you but does no damage.
You hit the orc but do no damage.
The orc is almost dead.
The orc hits you.
* * * LOW HITPOINT WARNING * * *
You are feeling hungry.
You hit the orc but do no damage.
The orc is almost dead.
The orc barely misses you.
You hit the orc but do no damage.
The orc is almost dead.
The orc hits you.
You die...

#### #..#
#.[# #..#
#..# ###
#..######
§§§§§§
#........
§§§§§§ #o#
§§§§§§ #@#
§§§§§§##.#
§######..#
8#_......#
§######..#
§§§§§#..#
§§§§§##.#
§§§§
#..########
§§§§
#.........##.


You could see an orc.

Vanquished Creatures
  An orc wizard (D:3)
  3 adders (D:2)
  An ooze (D:2)
  2 dart slugs
  A leopard gecko (D:1)
  2 orcs (D:3)
  2 giant cockroaches (D:2)
  6 goblins
  4 hobgoblins
  A quokka (D:2)
  A ball python (D:1)
  4 bats
  3 frilled lizards
  7 kobolds (D:1)
  4 rats
42 creatures vanquished.

Notes
Turn   | Place    | Note
-------+----------+-------------------------------------------
     0 | D:1      | KleinerIrrer the Naga Warper began the quest for the Orb.
     0 | D:1      | Reached XP level 1. HP: 19/19 MP: 3/3
   173 | D:1      | Reached XP level 2. HP: 8/26 MP: 5/5
   183 | D:1      | Learned a level 2 spell: Blink
   186 | D:1      | Learned a level 2 spell: Shroud of Golubria
   647 | D:1      | Reached skill level 1 in Armour
  1036 | D:1      | Reached XP level 3. HP: 30/32 MP: 6/6
  1434 | D:2      | Found a hazy altar of Hepliaklqana.
  1445 | D:2      | Found a shattered altar of Ashenzari.
  1635 | D:2      | Reached skill level 1 in Stealth
  1658 | D:2      | Reached XP level 4. HP: 12/40 MP: 4/7
  2286 | D:3      | Found a stormy altar of Qazlal.
  2347 | D:3      | HP: 1/40 [orc (3)]
  2349 | D:3      | Slain by an orc

Skill      XL: |  1  2  3 |
---------------+----------+-----
Armour         | 1 |  1.4
Stealth        | 1 |  1.9
Fighting       | |  2.5
Polearms       | |  2.5
Throwing       | |  0.8
Dodging        | |  1.9
Spellcasting   | |  2.3
Translocations | |  3.7

Action                   |  1- 3 |  4- 6 || total
-------------------------+-------+-------++-------
Melee: Spear             |   152 |    77 ||   229
 Cast: Shroud of Golubri |     1 |     2 ||     3
  Use: Scroll            |       |     6 ||     6
 Stab: Sleeping          |       |     1 ||     1
  Eat: Chunk             |     1 |     2 ||     3
Armor: Leather armour    |    43 |    29 ||    72
Dodge: Dodged            |    45 |    25 ||    70
